Selects Advanced Infantry Battlegroup
Selects Artillery Observers
M1918 Browning Automatic Rifles
Construct Weapon Support Center
Selects Convert to Ranger Squad
Selects Frontline Medical Station
Frontline Medical Station
Frontline Medical Station
Selects Ranger Weapon Training
Selects M2A1 105mm Howitzer Emplacement
Selects 155mm Rapid Artillery Barrage
M18 Hellcat Tank Destroyer
M18 Hellcat Tank Destroyer
Construct Medical Station